 Dungeon Sprint DCSS version 0.21.1-1-g345015f (webtiles) character file.

3000000 equalderp2856 the Axe Maniac (level 23, -17/240 HPs)
             Began as a Minotaur Gladiator on May 3, 2018.
             Killed from afar by a large bag of meat (26 damage)
             ... with an exploding inner flame
             ... in the Dungeon (Sprint VIII: "Arena of Blood").
             The game lasted 00:01:20 (30 turns).

equalderp2856 the Axe Maniac (Minotaur Gladiator)     Turns: 30, Time: 00:01:20

Health: -17/240    AC:  6    Str: 23    XL:     23   Next: 61%
Magic:  18/53      EV: 27    Int: 12    God:
Gold:   0          SH:  0    Dex: 11    Spells: 76/76 levels left

rFire    . . .     SeeInvis .   l - +∞ Axe of Woe
rCold    . . .     Gourm    .   (shield currently unavailable)
rNeg     . . .     Faith    .   b - +0 leather armour
rPois    .         Spirit   .   c - +0 hat
rElec    .         Reflect  .   (no cloak)
rCorr    .         Harm     .   (no gloves)
MR       +....     NoTele   +   (no boots)
Stlth    +++++++++.             (no amulet)
HPRegen  0.50/turn              (no ring)
MPRegen  0.33/turn              (no ring)

@: no status effects
A: retaliatory headbutt, horns 2
a: no special abilities


You were in the Dungeon.
You were not hungry.

You visited 1 branch

Inventory:

Hand Weapons
 a - a +0 war axe
 l - the +∞ Axe of Woe (weapon)
   (You found it in the Dungeon)
Missiles
 d - 3 throwing nets (quivered)
Armour
 b - a +0 leather armour (worn)
 c - a +0 hat (worn)
Scrolls
 k - a scroll of blinking
Potions
 e - a potion of curing
 g - a potion of heal wounds
 h - a potion of haste
 i - 2 potions of magic
 j - a potion of berserk rage
Comestibles
 f - a ration


   Skills:
 O Level 27 Fighting
 O Level 27 Axes
 O Level 27 Throwing
 O Level 27 Armour
 O Level 27 Dodging
 O Level 27 Stealth
 O Level 27 Unarmed Combat
 O Level 27 Spellcasting


You had 76 spell levels left.
You didn't know any spells.

Dungeon Overview and Level Annotations

Branches:
Dungeon (1/1)

Altars:
Makhleb


Innate Abilities, Weirdness & Mutations

You reflexively headbutt those who attack you in melee.
You have a pair of horns on your head.


Message History

You kill the bag of meat!
You hear a shout!
The bag of meat is engulfed in blazing flames.
You hear a shout!
You hear a shout! x6
The large bag of meat is engulfed in blazing flames.
You hear a shout!
Items here: ))))) ===== ††††† You hear a shout!
The bag of meat is engulfed in blazing flames.
You hear a shout! x4
The bag of meat is engulfed in blazing flames.
A meat berserker comes into view. It is wielding a +9 battleaxe.
Items here: ))) === †† You slice the large bag of meat!!
You pulverise the large bag of meat into a thin bloody mist.
The large bag of meat explodes!
The fiery explosion engulfs the bag of meat. x2
The fiery explosion engulfs you!
You die...

........ .. ....
###.....##.##....
.................
..........#.#.....
..........O.......
#.....o.o)§.......
.#.....oo§§.......
......)§§§§.......
.......§@o)......
.....#.......#...
.... #......)# .....
...###.......###...o
.....O..###.........
# ......._..........
....#.....#.......
....#_.<._#.......
... #.....#......#


You could see a large bag of meat (inner flame), a meat berserker (berserk) and
5 bags of meat.

Vanquished Creatures
  A vampire knight (D)
  9 ogres (D)
  A two-headed ogre (D)
  27 orcs (D)
38 creatures vanquished.

Notes
Turn   | Place    | Note
-------+----------+-------------------------------------------
     0 | D        | Found the +∞ Axe of Woe
     0 | D        | equalderp2856 the Minotaur Gladiator began the quest for the Orb.
     0 | D        | Reached XP level 1. HP: 18/18 MP: 0/0
     3 | D        | Noticed a bag of meat
     5 | D        | Noticed a bag of meat
     5 | D        | Noticed a bag of meat
     6 | D        | Noticed a bag of meat
     6 | D        | Killed a bag of meat
     6 | D        | Reached XP level 2. HP: 41/41 MP: 1/1
     6 | D        | Reached XP level 3. HP: 48/48 MP: 2/2
     6 | D        | Reached XP level 4. HP: 56/56 MP: 3/3
     6 | D        | Reached XP level 5. HP: 62/62 MP: 4/4
     6 | D        | Reached XP level 6. HP: 70/70 MP: 5/5
     6 | D        | Reached XP level 7. HP: 77/77 MP: 6/6
     6 | D        | Reached XP level 8. HP: 83/83 MP: 7/7
     6 | D        | Reached XP level 9. HP: 90/90 MP: 8/8
     6 | D        | Reached XP level 10. HP: 97/97 MP: 9/9
     6 | D        | Reached XP level 11. HP: 104/104 MP: 10/10
     7 | D        | Noticed a meat berserker
     8 | D        | Noticed a bag of meat
     9 | D        | Noticed a bag of meat
     9 | D        | Noticed a meat berserker
     9 | D        | Noticed a meat berserker
     9 | D        | Noticed a meat berserker
     9 | D        | Noticed a bag of meat
     9 | D        | Noticed a bag of meat
     9 | D        | Noticed a bag of meat
     9 | D        | Noticed a bag of meat
     9 | D        | Noticed a bag of meat
    10 | D        | Noticed a bag of meat
    10 | D        | Killed a meat berserker
    10 | D        | Reached skill level 15 in Fighting
    10 | D        | Reached XP level 12. HP: 121/121 MP: 11/11
    10 | D        | Reached XP level 13. HP: 127/127 MP: 12/12
    10 | D        | Noticed a bag of meat
    10 | D        | Noticed a bag of meat
    11 | D        | Noticed a bag of meat
    11 | D        | Noticed a bag of meat
    11 | D        | Noticed a meat berserker
    12 | D        | Noticed a bag of meat
    12 | D        | Killed a meat berserker
    12 | D        | Reached skill level 27 in Axes
    12 | D        | Reached XP level 14. HP: 91/140 MP: 13/13
    13 | D        | Noticed a bag of meat
    13 | D        | Killed a meat berserker
    13 | D        | Reached skill level 27 in Dodging
    13 | D        | Reached XP level 15. HP: 106/162 MP: 14/14
    14 | D        | Noticed a meat berserker
    14 | D        | Killed a meat berserker
    14 | D        | Reached XP level 16. HP: 119/182 MP: 15/15
    14 | D        | Reached skill level 27 in Fighting
    14 | D        | Reached skill level 27 in Throwing
    14 | D        | Reached skill level 5 in Spellcasting
    14 | D        | Reached XP level 17. HP: 125/191 MP: 15/24
    15 | D        | Noticed a meat berserker
    15 | D        | Noticed a meat berserker
    15 | D        | Noticed a large bag of meat
    16 | D        | Reached skill level 10 in Stealth
    16 | D        | Reached skill level 15 in Unarmed Combat
    16 | D        | Reached skill level 10 in Spellcasting
    17 | D        | Killed a meat berserker
    17 | D        | Reached XP level 18. HP: 117/200 MP: 15/33
    17 | D        | Reached skill level 15 in Spellcasting
    17 | D        | Reached XP level 19. HP: 121/207 MP: 15/37
    19 | D        | Noticed a meat berserker
    19 | D        | Killed a meat berserker
    20 | D        | Reached skill level 27 in Armour
    20 | D        | Reached skill level 27 in Unarmed Combat
    20 | D        | Reached XP level 20. HP: 79/216 MP: 16/42
    21 | D        | Noticed a large bag of meat
    21 | D        | Killed a meat berserker
    21 | D        | Reached skill level 27 in Stealth
    21 | D        | Reached XP level 21. HP: 83/224 MP: 16/48
    22 | D        | Noticed a destroyer
    22 | D        | Reached skill level 27 in Spellcasting
    24 | D        | Reached XP level 22. HP: 87/233 MP: 16/52
    24 | D        | Killed a destroyer
    25 | D        | Noticed a large bag of meat
    25 | D        | Killed a large bag of meat
    25 | D        | Reached XP level 23. HP: 69/240 MP: 17/53
    26 | D        | HP: 7/240 [bag of meat/+9 war axe (29)]
    30 | D        | Killed a large bag of meat
    30 | D        | Killed from afar by a large bag of meat

Skill      XL: |  1  2  3  4  5  6  7  8  9 10 11 12 13 14 15 16 17 18 19 20 21 |
---------------+----------------------------------------------------------------+-----
Fighting       | 12 15 17 22 26 27 | 27.0
Axes           | 20 25 27 | 27.0
Throwing       | 9 12 14 19 22 27 | 27.0
Dodging        | 18 23 26 27 | 27.0
Armour         | 9 19 23 27 | 27.0
Stealth        | 7 16 18 23 27 | 27.0
Unarmed Combat | 8 18 21 27 | 27.0
Spellcasting   | 5 12 15 19 24 27 | 27.0

Action                   |  1- 3 |  4- 6 |  7- 9 | 10-12 | 13-15 | 16-18 | 19-21 | 22-24 || total
-------------------------+-------+-------+-------+-------+-------+-------+-------+-------++-------
Melee: Executioner's axe |     1 |       |       |     1 |     3 |     2 |     6 |     3 ||    16
Dodge: Dodged            |     1 |       |       |       |       |       |       |       ||     1
